 Dungeon Crawl Stone Soup version 0.28.0-62-gf88900778d (webtiles) character file.

Game seed: 8025395903619959455

132 cbfl8 the Covered (level 4, -13/60 HPs)
             Began as a Minotaur Fighter on July 5, 2023.
             Killed from afar by Ijyb (15 damage)
             ... with a bolt of acid
             ... on level 3 of the Dungeon.
             The game lasted 00:01:13 (2099 turns).

cbfl8 the Covered (Minotaur Fighter)                Turns: 2099, Time: 00:01:14

Health: -13/60     AC: 22    Str: 20    XL:     4   Next: 92%
Magic:  3/3        EV:  2    Int:  5    God:
Gold:   91         SH:  5    Dex: 12    Spells: 3/3 levels left

rFire   . . .      SeeInvis .   a - +0 war axe
rCold   . . .      Faith    .   c - +0 buckler
rNeg    . . .      Spirit   .   (armour currently unavailable)
rPois   +          Reflect  .   (helmet currently unavailable)
rElec   .          Harm     .   (cloak currently unavailable)
rCorr   .          Rampage  .   (gloves currently unavailable)
Will    .....      NoTele   +   (boots currently unavailable)
Stlth   +.........              e - amulet of the acrobat
HPRegen 0.20/turn               (no ring)
MPRegen 0.08/turn               (no ring)

@: mighty, tree-form
A: stationary, stasis, torment immunity, boosted hp, (horns 2), (retaliatory
headbutt)
a: no special abilities


You were on level 3 of the Dungeon.
You were a tree.
You visited 1 branch of the dungeon, and saw 3 of its levels.

You collected 91 gold pieces.

Inventory:

Hand Weapons
 a - a +0 war axe (weapon)
Armour
 b - a +0 scale mail (melded)
 c - a +0 buckler (worn)
Jewellery
 e - an amulet of the acrobat (around neck)
Scrolls
 f - a scroll of identify {unknown}
 h - a scroll of immolation {unknown}
 i - a scroll of vulnerability {unknown}
 j - a scroll of noise {unknown}


   Skills:
 + Level 4.2 Fighting
 + Level 3.6 Axes
 * Level 1.3 Throwing
 + Level 4.2 Armour
 + Level 0.2 Dodging
 + Level 4.1 Shields
 * Level 1.7 Evocations


You had 3 spell levels left.
You didn't know any spells.
Your spell library contained the following spells:

 Spells                   Type           Power      Damage    Failure   Level
 Beastly Appendage        Tmut           0%         N/A       56%         1
 Wereblood                Tmut           0%         N/A       71%         2
 Spider Form              Tmut/Pois      0%         N/A       90%         3


Dungeon Overview and Level Annotations

Branches:
Dungeon (3/15)

Altars:
Cheibriados
Xom

Annotations:
D:3 Ijyb


Innate Abilities, Weirdness & Mutations

You are a tree.
Your roots penetrate the ground, keeping you stationary.
You cannot be teleported.
You are immune to unholy pain and torment.
Your maximum health is greatly increased.
Your equipment is partially melded.
((You have a pair of horns on your head.))
((You reflexively headbutt those who attack you in melee.))


Message History

You slash the frilled lizard!
You kill the frilled lizard!
You slash Ijyb! The orc hits you but does no damage.
Ijyb hits you with a +0 club.
The kobold hits you with a +0 short sword.
You slash Ijyb!
Ijyb is heavily wounded.
You hit the kobold. Ijyb hits you with a +0 club. The orc closely misses you.
The kobold misses you. You furiously retaliate!
You headbutt the kobold!
You kill the kobold!
Ijyb hits you but does no damage. The orc hits you but does no damage.
Unknown command.
You hit Ijyb.
Ijyb is heavily wounded.
You block the orc's attack. Ijyb hits you with a +0 club.
Unknown command.
You closely miss Ijyb. Your headbutt misses Ijyb.
Ijyb is heavily wounded.
Ijyb zaps a wand.
The bolt of acid hits you!!
Ouch! That really hurt!
* * * LOW HITPOINT WARNING * * *
The orc closely misses you. You block the orc's attack.
Ijyb screams, "Me kill you!" Ijyb closely misses you.
You are too injured to fight recklessly!
Unknown command.
You are too injured to fight recklessly!
Unknown command.
You are too injured to fight recklessly!
It was a potion of lignification.
You turn into a tree.
Your +0 scale mail melds into your body.
Your roots penetrate the ground.
The orc hits you but does no damage.
An adder comes into view.
Ijyb hits you but does no damage.
Okay, then.
You feel very mighty all of a sudden.
The adder hisses angrily.
The orc hits you but does no damage.
Ijyb zaps a wand.
The bolt of acid hits you!
You die...

................##
....#...#.#.#
._..#...#.#.###
... #.........#
... #.........#
.#..#.........#
.#............#
.#............#
.#....†♣......#
......g)......#
...#..o.......#
.≈..........).#
.≈.#..........#
.≈..........###
.≈...S###..##
...#. #.#


You could see Ijyb, an adder and an orc.

Vanquished Creatures
  An orc priest (D:3)
  Jessica (D:2)
  An adder (D:2)
  A dart slug (D:2)
  4 worms (D:2)
  3 orcs
  8 ball pythons
  2 endoplasms
  6 hobgoblins
  A quokka (D:3)
  6 bats
  4 frilled lizards
  3 goblins (D:2)
  4 kobolds
  6 rats
51 creatures vanquished.

Vanquished Creatures (others)
  A plant (D:1)
1 creature vanquished.

Grand Total: 52 creatures vanquished

Notes
Turn   | Place    | Note
-------+----------+-------------------------------------------
     0 | D:1      | cbfl8 the Minotaur Fighter began the quest for the Orb.
     0 | D:1      | Reached XP level 1. HP: 19/19 MP: 0/0
   371 | D:1      | Reached XP level 2. HP: 26/27 MP: 1/1
   383 | D:1      | Found a faded altar of an unknown god.
   790 | D:2      | Reached skill level 1 in Evocations
   908 | D:2      | Reached XP level 3. HP: 25/33 MP: 2/2
  1044 | D:2      | Found a shimmering altar of Xom.
  1614 | D:3      | Noticed Jessica
  1816 | D:2      | Killed Jessica
  1817 | D:2      | Reached skill level 1 in Throwing
  1817 | D:2      | Reached XP level 4. HP: 20/40 MP: 3/3
  2074 | D:3      | Found a snail-covered altar of Cheibriados.
  2089 | D:3      | Noticed Ijyb
  2097 | D:3      | HP: 1/40 [Ijyb/bolt of acid (26)]
  2099 | D:3      | Killed from afar by Ijyb

Illustrated notes

Levels and vault maps discovered:
D:1:      wander_arrival_peaceful_grave, layout_loops_cross,
          dreamdust_ecumenical_altar_grove
D:2:      layout_basic, basic_altar
D:3:      corexii_shack_village, layout_rooms, mainiacjoe_overflow_boulevard,
          uniq_natasha, uniq_jessica, uniq_sigmund, uniq_terence, uniq_ijyb

Skill      XL: |  1  2  3 |
---------------+----------+-----
Evocations     | 1 |  1.7
Shields        | 4 |  4.1
Axes           | 3 |  3.6
Armour         | 4 |  4.2
Fighting       | 4 |  4.2
Throwing       | 1 |  1.3
Dodging        | |  0.2

Action                   |  1- 3 |  4- 6 || total
-------------------------+-------+-------++-------
Melee: War axe           |    86 |    12 ||    98
       Headbutt          |    11 |     3 ||    14
  Use: Potion            |       |     2 ||     2
Armor: Scale mail        |    25 |    13 ||    38
       Skin              |       |     3 ||     3
Dodge: Dodged            |    57 |    13 ||    70
Block: Buckler           |    15 |     4 ||    19
